 Dungeon Crawl Stone Soup version 0.21.1-1-g345015fe64 (webtiles) character file.

7380 Loge the Destroyer (level 10, -20/54 HPs)
             Began as a Deep Elf Fire Elementalist on July 18, 2018.
             Was a Believer of Vehumet.
             Hit by a javelin thrown by Urug (29 damage)
             ... on level 10 of the Dungeon.
             The game lasted 00:50:33 (13631 turns).

Loge the Destroyer (Deep Elf Fire Elementalist)    Turns: 13631, Time: 00:50:33

Health: -20/54     AC:  8    Str: 15    XL:     10   Next: 92%
Magic:  27/27      EV: 13    Int: 27    God:    Vehumet [**....]
Gold:   487        SH:  0    Dex: 15    Spells: 13/31 levels left

rFire    . . .     SeeInvis .   a - +2 dagger (venom)
rCold    . . .     Gourm    .   (no shield)
rNeg     + . .     Faith    .   y - +0 robe {rF+}
rPois    .         Spirit   .   G - +0 helmet
rElec    .         Reflect  .   L - +0 cloak
rCorr    .         Harm     .   j - +2 pair of gloves of Understanding {rF- rN+ Str+10}
MR       +....                  g - +0 pair of boots
Stlth    ++........             z - amulet of regeneration
HPRegen  0.58/turn              H - +3 ring of intelligence
MPRegen  0.20/turn              (no ring)

@: no status effects
A: no striking features
a: Renounce Religion


You were on level 10 of the Dungeon.
You worshipped Vehumet.
Vehumet was pleased with you.
You were not hungry.

You visited 2 branches of the dungeon, and saw 11 of its levels.
You also visited: Ossuary.

You collected 487 gold pieces.

Inventory:

Hand Weapons
 a - a +2 dagger of venom (weapon)
 x - a +2 whip of freezing
Missiles
 d - a throwing net (quivered)
 h - 42 poisoned needles
Armour
 g - a +0 pair of boots (worn)
 j - the +2 pair of gloves of Understanding (worn) {rF- rN+ Str+10}
   (You found it on level 9 of the Dungeon)

   It affects your strength (+10).
   It makes you vulnerable to fire.
   It protects you from negative energy.
 v - a +2 shield of protection
 y - a +0 robe of fire resistance (worn)
 A - a +1 robe of magic resistance
 G - a +0 helmet (worn)
 L - a +0 cloak (worn)
Jewellery
 t - an uncursed amulet of the gourmand
 z - an amulet of regeneration (around neck)
 H - a +3 ring of intelligence (left hand)
 O - an uncursed ring of see invisible {unknown}
Wands
 C - a wand of polymorph (20)
 J - a wand of flame (24)
Scrolls
 o - 4 scrolls of magic mapping
 p - 4 scrolls of remove curse
 q - 3 scrolls of enchant armour
 u - a scroll of amnesia {unknown}
 B - a scroll of immolation {unknown}
 D - 2 scrolls of brand weapon {unknown}
 E - 2 scrolls of fear
 F - 6 scrolls of teleportation
 I - a scroll of random uselessness {unknown}
 N - 2 scrolls of blinking {unknown}
Potions
 e - a potion of lignification
 i - 4 potions of resistance
 k - a potion of invisibility
 l - 3 potions of degeneration
 m - 5 potions of haste
 n - 3 potions of mutation
 r - a potion of curing
 s - a potion of agility
 w - a potion of heal wounds
 K - 2 potions of brilliance
 M - 2 potions of berserk rage
Books
 b - a book of Flames

   Spells                             Type                      Level
   a - Flame Tongue                   Conjuration/Fire             1
   b - Throw Flame                    Conjuration/Fire             2
   c - Conjure Flame                  Conjuration/Fire             3
   d - Inner Flame                    Hexes/Fire                   3
   e - Sticky Flame                   Conjuration/Fire             4
   f - Fireball                       Conjuration/Fire             5
 f - a book of Misfortune

   Spells                             Type                      Level
   a - Confusing Touch                Hexes                        1
   b - Confuse                        Hexes                        3
   c - Gell's Gravitas                Translocation                3
   d - Petrify                        Transmutation/Earth          4
   e - Metabolic Englaciation         Hexes/Ice                    5
   f - Yara's Violent Unravelling     Hexes/Transmutation          5
 P - a book of Battle

   Spells                             Type                      Level
   a - Infusion                       Charms                       1
   b - Shroud of Golubria             Charms/Translocation         2
   c - Song of Slaying                Charms                       2
   d - Spectral Weapon                Hexes/Charms                 3
   e - Regeneration                   Charms/Necromancy            3
Comestibles
 c - 10 rations


   Skills:
 + Level 2.7 Fighting
 - Level 2.4 Dodging
 - Level 2.4 Stealth
 + Level 11.0 Spellcasting
 * Level 12.4 Conjurations
 + Level 9.6 Fire Magic


You had 13 spell levels left.
You knew the following spells:

 Your Spells              Type           Power        Failure   Level  Hunger
a - Flame Tongue          Conj/Fire      #####        1%          1    None
b - Throw Flame           Conj/Fire      ######       1%          2    None
c - Conjure Flame         Conj/Fire      ######..     1%          3    None
d - Sticky Flame          Conj/Fire      ######..     1%          4    None
e - Mephitic Cloud        Conj/Pois/Air  #####...     1%          3    None
g - Fireball              Conj/Fire      ######....   1%          5    ###....


Dungeon Overview and Level Annotations

Branches:
Dungeon (10/15)            Temple (1/1) D:5            Lair (0/6) D:10
    Orc: D:9-12

Altars:
Ashenzari
Cheibriados
Elyvilon
Gozag
Kikubaaqudgha
Okawaru
Qazlal
Ru
Sif Muna
Trog
Vehumet
Yredelemnul
The Shining One

Shops:
D:5 =   D:6 ?*}:

Annotations:
D:4 Menkaure
D:5 exclusion: downstairs
D:6 lis82's ghost, novice GrGl
D:9 exclusion: 2 downstairs
D:10 Nergalle; Urug


Message History

There is an open door here.
There is a stone staircase leading down here.
This staircase is marked as excluded!
Enter next level anyway?
You climb downwards.
Level annotation: Nergalle; Urug A centaur comes into view.
It is wielding a battleaxe.
The centaur moves out of view.
Urug throws a javelin.
The javelin hits you! The vampire misses you. The vampire closely misses you.
Urug throws a javelin.
The javelin hits you!! The vampire hits you!
* * * LOW HITPOINT WARNING * * *
The vampire completely misses you.
There is a stone staircase leading up, spattered with blood here.
You see here 2 javelins.
Press: ? - help, v - describe, . - travel
Here: Urug, wielding an enchanted scimitar and wearing a ring mail The floor.
Urug throws a javelin.
The javelin hits you!!
Ouch! That really hurt!
You die...

)....# ....# .
...## . .# ....#
#. #.# ....... #
##. ... ##.###.
..##..#######.##.
..
..........#......
...
.......).........
..
.....[V@†...(....
#
..........##.o..
########[.# .
...... ..........
####...###...
..... ## ..#.###
...).#


You could see Urug and a vampire.

Vanquished Creatures
  A hydra (D:9)
  Erica (D:8)
  Pikel (D:3)
  An elephant (D:9)
  Psyche (D:8)
  A hornet (D:9)
  A hippogriff (D:9)
  A hungry ghost (D:9)
  2 basilisks (D:10)
  2 sky beasts
  An ice beast (D:7)
  4 phantoms
  2 orc warriors
  An ogre (D:8)
  3 slaves
  2 centaurs (D:7)
  The ghost of GeorgeFormbyGrill the Cudgeler, an amateur GrBe of Trog (D:3)
  5 elf zombies (Ossuary)
  A big kobold (D:10)
  3 bullfrogs
  A wyvern skeleton (D:7)
  8 wights
  16 killer bees
  A jelly (D:7)
  2 howler monkeys
  A crimson imp (D:7)
  4 centaur zombies (Ossuary)
  A quasit (D:9)
  2 hounds
  2 bullfrog skeletons
  3 human zombies (Ossuary)
  3 orc priests
  A centaur skeleton (D:8)
  2 iguanas
  Ijyb (D:5)
  9 orc wizards
  3 worker ants
  A hound zombie (D:6)
  2 hound skeletons
  3 mummies (Ossuary)
  12 adders
  2 oozes (D:1)
  An adder zombie (D:6)
  An adder skeleton (D:7)
  A worm (D:4)
  4 dart slugs
  6 leopard geckos
  28 orcs
  A bat zombie (D:3)
  6 giant cockroaches
  5 goblins
  9 hobgoblins
  4 jackals
  4 quokkas
  11 bats
  4 frilled lizards
  A giant cockroach zombie (D:5)
  9 kobolds
  A quokka skeleton (D:4)
  A quokka zombie (D:9)
  6 rats
  A rat zombie (D:3)
219 creatures vanquished.

Notes
Turn   | Place    | Note
-------+----------+-------------------------------------------
     0 | D:1      | Loge the Deep Elf Fire Elementalist began the quest for the Orb.
     0 | D:1      | Reached XP level 1. HP: 10/10 MP: 6/6
    46 | D:1      | Reached XP level 2. HP: 5/15 MP: 1/8
   251 | D:1      | Reached skill level 2 in Conjurations
   358 | D:1      | Learned a level 2 spell: Throw Flame
   690 | D:1      | Reached XP level 3. HP: 19/19 MP: 7/10
  1183 | D:1      | Learned a level 3 spell: Conjure Flame
  1366 | D:2      | Reached skill level 3 in Conjurations
  1593 | D:2      | Reached XP level 4. HP: 24/24 MP: 0/11
  1976 | D:2      | Found a bloodstained altar of Trog.
  2374 | D:2      | Learned a level 4 spell: Sticky Flame
  2584 | D:3      | Noticed GeorgeFormbyGrill's ghost (amateur GrBe)
  3091 | D:3      | Reached XP level 5. HP: 28/28 MP: 7/13
  3230 | D:3      | Killed GeorgeFormbyGrill's ghost
  3230 | D:3      | Reached skill level 4 in Conjurations
  3335 | D:3      | Found an ancient bone altar of Kikubaaqudgha.
  3425 | D:4      | Noticed a phantom
  3443 | D:4      | Killed a phantom
  3443 | D:4      | Reached skill level 5 in Spellcasting
  3443 | D:4      | Reached XP level 6. HP: 25/32 MP: 6/15
  3562 | D:4      | Noticed a slave
  3562 | D:4      | Noticed a slave
  3574 | D:4      | Killed a slave
  3604 | D:4      | Noticed a slave
  3606 | D:4      | Noticed a slave
  3631 | D:4      | HP: 1/32 [slave[Pikel] (4)]
  3641 | D:3      | HP: 1/32 [slave[Pikel] (1)]
  3964 | D:3      | Killed a slave
  4289 | D:4      | Noticed Pikel
  4310 | D:4      | Killed a slave
  4404 | D:3      | Killed Pikel
  4404 | D:3      | Reached skill level 6 in Conjurations
  4404 | D:3      | Reached skill level 5 in Fire Magic
  4404 | D:3      | Reached XP level 7. HP: 17/36 MP: 0/18
  4716 | D:4      | Found a stormy altar of Qazlal.
  4936 | D:4      | Noticed Menkaure
  5292 | D:4      | Reached skill level 7 in Conjurations
  5699 | D:4      | Learned a level 5 spell: Fireball
  5700 | D:5      | Entered Level 5 of the Dungeon
  5866 | D:5      | Reached XP level 8. HP: 8/41 MP: 5/20
  5867 | D:5      | Found Wasuilyu's Jewellery Boutique.
  6380 | D:5      | Noticed Ijyb
  6385 | D:5      | Killed Ijyb
  6559 | D:5      | Found a staircase to the Ecumenical Temple.
  6596 | Temple   | Entered the Ecumenical Temple
  6643 | Temple   | Became a worshipper of Vehumet
  6726 | D:5      | Found a sacrificial altar of Ru.
  6726 | D:5      | Found an opulent altar of Gozag.
  6727 | D:5      | Found a glowing golden altar of the Shining One.
  6809 | D:5      | Found a snail-covered altar of Cheibriados.
  6812 | D:5      | Found a white marble altar of Elyvilon.
  7002 | D:6      | Found Ceitwox's Assorted Antiques.
  7081 | D:6      | Noticed lis82's ghost (novice GrGl)
  7641 | D:6      | Found Ehooll's Magic Scroll Boutique.
  7705 | D:6      | Reached skill level 8 in Conjurations
  7922 | D:6      | Found Fapiq's Gadget Emporium.
  8023 | D:6      | HP: 2/41 [lis82's ghost (13)]
  8148 | D:6      | Found Visud's Book Boutique.
  8850 | D:7      | Reached skill level 9 in Conjurations
  8958 | D:7      | Reached XP level 9. HP: 38/45 MP: 16/23
  8991 | D:7      | Found a sand-covered staircase.
  9103 | Ossuary  | Entered an ossuary
  9982 | D:7      | Reached * piety under Vehumet
  9982 | D:7      | Offered knowledge of Magic Dart by Vehumet.
 10151 | D:7      | Reached skill level 10 in Conjurations
 10159 | D:7      | HP: 2/45 [killer bee (3)]
 10645 | D:8      | Noticed Erica
 10697 | D:8      | Killed Erica
 10697 | D:8      | Reached skill level 11 in Conjurations
 10944 | D:8      | Reached XP level 10. HP: 50/50 MP: 20/25
 11265 | D:8      | Noticed Psyche
 11276 | D:8      | Killed Psyche
 11276 | D:8      | Reached skill level 10 in Spellcasting
 11317 | D:8      | Offered knowledge of Searing Ray by Vehumet.
 11643 | D:9      | Reached ** piety under Vehumet
 11748 | D:9      | Found a basalt altar of Yredelemnul.
 11918 | D:9      | Noticed a five-headed hydra
 11921 | D:9      | Killed a five-headed hydra
 11921 | D:9      | Reached skill level 1 in Fighting
 12311 | D:9      | Got a pair of ichor-stained gloves
 12317 | D:9      | Identified the +2 pair of gloves of Understanding {rF- rN+ Str+10} (You found it on level 9 of the Dungeon)
 12359 | D:10     | Entered Level 10 of the Dungeon
 12359 | D:10     | Noticed a cyclops
 12492 | D:10     | Reached skill level 12 in Conjurations
 12944 | D:10     | Noticed Nergalle
 13161 | D:10     | Noticed an elephant
 13305 | D:9      | Killed an elephant
 13305 | D:9      | Offered knowledge of Mephitic Cloud by Vehumet.
 13355 | D:9      | Learned a level 3 spell: Mephitic Cloud
 13425 | D:10     | Found a staircase to the Lair.
 13527 | D:10     | Noticed Urug
 13631 | D:10     | Hit by a javelin thrown by Urug

Skill      XL: |  1  2  3  4  5  6  7  8  9 10 |
---------------+-------------------------------+-----
Conjurations   | 2 3 4 6 7 9 11 12 | 12.4
Spellcasting   | 4 5 6 8 9 11 | 11.0
Fire Magic     | 4 5 6 7 8 9 |  9.6
Fighting       | 2 |  2.7
Dodging        | |  2.4
Stealth        | |  2.4

Action                   |  1- 3 |  4- 6 |  7- 9 | 10-12 || total
-------------------------+-------+-------+-------+-------++-------
Melee: Unarmed           |     1 |       |       |       ||     1
       Dagger            |       |       |    11 |    35 ||    46
 Cast: Flame Tongue      |    46 |   117 |   255 |   180 ||   598
       Throw Flame       |    17 |    27 |    49 |    21 ||   114
       Conjure Flame     |     2 |     8 |    15 |     7 ||    32
       Sticky Flame      |       |       |     9 |     4 ||    13
       Fireball          |       |       |     2 |     8 ||    10
       Mephitic Cloud    |       |       |       |     1 ||     1
Evoke: Wand              |       |       |     4 |       ||     4
  Use: Scroll            |       |     3 |    10 |     6 ||    19
       Potion            |       |       |     1 |       ||     1
  Eat: Chunk             |     2 |     8 |    17 |       ||    27
       Ration            |       |     1 |     1 |     3 ||     5
Armor: Robe              |     4 |    10 |    18 |    78 ||   110
Dodge: Dodged            |    17 |    28 |    84 |   135 ||   264
